 Dungeon Crawl Stone Soup version 0.31-a0-986-g5e6e4ef867 (webtiles) character file.

Game seed: 16199723937037375253

168 pokeman the Magician (level 5, -9/29 HPs)
             Began as a Deep Elf Hedge Wizard on Nov 4, 2023.
             Mangled by Ijyb
             ... wielding a +7 club
              (11 damage)
             ... on level 3 of the Dungeon.
             The game lasted 00:04:03 (3508 turns).

pokeman the Magician (Deep Elf Hedge Wizard)        Turns: 3508, Time: 00:04:04

Health: -9/29      AC:  2    Str:  7    XL:     5   Next: 24%
Magic:  9/15       EV: 13    Int: 21    God:
Gold:   128        SH:  0    Dex: 14    Spells: 8/16 levels left

rFire   . . .        s - +2 short sword (venom)
rCold   . . .        (no shield)
rNeg    . . .        b - +0 robe
rPois   .            c - +0 hat
rElec   .            (no cloak)
rCorr   .            (no gloves)
SInv    .            (no boots)
Will    .....        (no amulet)
Stlth   ++           (no ring)
HPRegen 0.24/turn    (no ring)
MPRegen 0.14/turn

%: no passive effects
@: very slightly contaminated
A: no striking features
a: no special abilities


You were on level 3 of the Dungeon.
You visited 1 branch of the dungeon, and saw 3 of its levels.

You collected 128 gold pieces.

Inventory:

Hand Weapons
 s - a +2 short sword of venom (weapon)
Armour
 b - a +0 robe (worn)
 c - a +0 hat (worn)
 f - an orb of light
Magical Staves
 i - a staff of cold
Jewellery
 g - an amulet of guardian spirit
Wands
 a - a wand of polymorph (4)
Scrolls
 h - a scroll of noise {unknown}
 k - 2 scrolls of teleportation {unknown}
 l - 2 scrolls of blinking {unknown}
 m - a scroll of enchant armour {unknown}
 n - a scroll of immolation {unknown}
 p - a scroll of fear {unknown}
 q - 2 scrolls of enchant weapon {unknown}
 r - a scroll of identify {unknown}
Potions
 d - a potion of magic
 e - a potion of heal wounds {unknown}
 j - a potion of ambrosia {unknown}
 o - a potion of haste {unknown}


   Skills:
 - Level 1.0 Fighting
 - Level 1.0 Armour
 - Level 3.0 Dodging
 - Level 3.0 Stealth
 * Level 6.2 Spellcasting
 + Level 2.6 Conjurations
 - Level 1.1 Summonings
 - Level 1.1 Translocations
 + Level 0.1 Ice Magic
 + Level 0.2 Air Magic
 + Level 0.1 Poison Magic
 + Level 0.3 Evocations


You had 8 spell levels left.
You knew the following spells:

 Your Spells              Type           Power      Damage    Failure   Level
a - Magic Dart            Conj           68%        1d6       3%          1
b - Mephitic Cloud        Conj/Pois/Air  10%        N/A       19%         3
c - Call Imp              Summ           22%        N/A       10%         2
d - Blink                 Tloc           22%        N/A       10%         2

Your spell library contained the following spells:

 Spells                   Type           Power      Damage    Failure   Level
 Slow                     Hex            24%        N/A       10%         1
 Cigotuvi's Dreadful Rot  Necr/Pois/Air  14%        N/A       14%         2
 Gell's Gravitas          Tloc           11%        N/A       19%         3
 Teleport Other           Tloc           11%        N/A       19%         3
 Confusing Touch          Hex            6%         N/A       28%         3
 Sigil of Binding         Hex            6%         N/A       28%         3
 Vampiric Draining        Necr           6%         2d6       28%         3
 Dispersal                Tloc           5%         N/A       100%        6


Dungeon Overview and Level Annotations

Branches:
Dungeon (3/15)

Altars:

Annotations:
D:3 Ijyb


Message History

Aiming: Magic Dart (safe; 3% risk of failure)
Press: ? - help, Shift-Dir - straight line, f - Ijyb
Aim: Ijyb, wielding a +7 club, wearing a +0 chain mail and carrying a wand of quicksilver (asleep, 100% to hit)
The magic dart hits Ijyb but does no damage.
Unknown command.
There is an open door here.
You close the door.
You start resting.
Magic restored.
Ijyb breaks down the door.
Casting: Magic Dart (safe; 3% risk of failure)
Confirm with . or Enter, or press ? or * to list all spells.
Aiming: Mephitic Cloud (quite dangerous; 19% risk of failure)
Press: ? - help, Shift-Dir - straight line, f/p - Ijyb
Aim: Ijyb, wielding a +7 club, wearing a +0 chain mail and carrying a wand of quicksilver (chance to affect: 86%)
You miscast Mephitic Cloud.
You are very lightly contaminated with residual magic.
Nothing appears to happen.
Ijyb zaps a wand.
The bolt of dispelling energy hits you!!
Ouch! That really hurt!
Casting: Mephitic Cloud (quite dangerous; 19% risk of failure)
Confirm with . or Enter, or press ? or * to list all spells.
Aiming: Mephitic Cloud (quite dangerous; 19% risk of failure)
Press: ? - help, Shift-Dir - straight line, f/p - Ijyb
Aim: Ijyb, wielding a +7 club, wearing a +0 chain mail and carrying a wand of quicksilver (chance to affect: 86%)
The ball explodes into a vile cloud!
The stinking cloud engulfs Ijyb but does no damage.
You hear a shout!
Ijyb is engulfed in noxious fumes.
Ijyb appears confused.
Unknown command.
Unknown command.
Ijyb is engulfed in noxious fumes.
Ijyb appears confused.
Ijyb clutches her head and gibbers rapidly, swaying.
You barely miss Ijyb.
Ijyb is engulfed in noxious fumes.
Ijyb hits you with a +7 club!
* * * LOW HITPOINT WARNING * * *
You hit Ijyb but do no damage.
Ijyb is poisoned.
Ijyb is engulfed in noxious fumes.
Ijyb appears confused.
Ijyb hits you with a +7 club!
You die...

#.........###...## #.#.#.#
#####.######.....## ##.#.#.#
##......#.......## ##......#
#####†..###..........####...#.###
.....<...............'........###
#####...#.#..........####........
........#.......## ##..#.###
...###.####.....## ##.#.# # .....
.# ##.@.## #.#.# # ...).. # ##g##
#.#.# # #....... #.# #.#.###
###...## #.# #...... ... ###.###
#...# #.# ..... #.# ....... #.#
.#..#.. ..#


You could see Ijyb (confused, poisoned).

Vanquished Creatures
  Natasha (thrice) (D:2)
  2 adders (D:2)
  A worm (D:3)
  2 dart slugs
  2 orcs (D:3)
  8 endoplasms
  2 giant cockroaches
  3 goblins
  6 hobgoblins
  2 jackals (D:3)
  3 kobolds
  6 quokkas
  6 ball pythons
  4 bats
  4 frilled lizards
  13 rats
67 creatures vanquished.

Notes
Turn   | Place    | Note
-------+----------+-------------------------------------------
     0 | D:1      | pokeman the Deep Elf Hedge Wizard began the quest for the
                  | Orb.
     0 | D:1      | Reached XP level 1. HP: 10/10 MP: 7/7
   452 | D:1      | Reached XP level 2. HP: 16/16 MP: 2/9
   818 | D:1      | Reached skill level 5 in Spellcasting
  1100 | D:1      | Reached XP level 3. HP: 20/20 MP: 6/11
  1104 | D:1      | Learned a level 3 spell: Mephitic Cloud
  1107 | D:1      | Learned a level 2 spell: Call Imp
  1110 | D:1      | Learned a level 2 spell: Blink
  1624 | D:2      | Reached skill level 1 in Fighting
  1681 | D:2      | Reached skill level 1 in Armour
  1873 | D:2      | Reached XP level 4. HP: 25/25 MP: 9/13
  2465 | D:2      | Noticed Natasha
  2476 | D:2      | Killed Natasha
  2551 | D:2      | Noticed Natasha
  2558 | D:2      | Killed Natasha
  2817 | D:2      | Noticed Natasha
  2827 | D:2      | Killed Natasha
  2828 | D:2      | Reached skill level 6 in Spellcasting
  2828 | D:2      | Reached XP level 5. HP: 29/29 MP: 2/15
  3495 | D:3      | Noticed Ijyb
  3507 | D:3      | HP: 1/29 [Ijyb/+7 club (9)]
  3508 | D:3      | Mangled by Ijyb

Illustrated notes

Levels and vault maps discovered:
D:1:      dpeg_arrival_central, layout_rooms
D:2:      layout_basic, minmay_rat_gold_closets, uniq_natasha
D:3:      minmay_razor_zed, layout_loops_corners, serial_shops, shop, shop,
          minmay_diced_spiral, uniq_ijyb

Skill      XL: |  1  2  3  4 |
---------------+-------------+-----
Spellcasting   | 5 6 |  6.2
Conjurations   | 2 |  2.6
Fighting       | 1 |  1.0
Armour         | 1 |  1.0
Stealth        | 3 |  3.0
Dodging        | 3 |  3.0
Summonings     | |  1.1
Translocations | |  1.1
Ice Magic      | |  0.1
Air Magic      | |  0.2
Poison Magic   | |  0.1
Evocations     | |  0.3

Action                     |  1- 3 |  4- 6 || total
---------------------------+-------+-------++-------
  Melee: Dagger            |       |    10 ||    10
         Short sword       |       |     4 ||     4
   Cast: Magic Dart        |   123 |    48 ||   171
         Mephitic Cloud    |       |     5 ||     5
   Stab: Confused          |       |     2 ||     2
 Armour: Robe              |     3 |     5 ||     8
  Dodge: Dodged            |    12 |     4 ||    16

Table legend: (Time is in decaauts)
 A = Elapsed time spent in this place.
 B = Non-inter-level travel time spent in this place.
 C = Inter-level travel time spent in this place.
 D = Time resting spent in this place.
 E = Time spent auto-exploring this place.
 F = Levels seen in this place.
 G = Mean time per level.
                   A        B        C        D        E       F      G
               +--------+--------+--------+--------+--------+-----+--------+
         Total |   3506 |   3228 |    278 |     28 |   2872 |   3 | 1168.7 |
       Dungeon |   3506 |   3228 |    278 |     28 |   2872 |   3 | 1168.7 |
               +--------+--------+--------+--------+--------+-----+--------+

Top non-repeatable levels by time:
     D:2: 1739 daAuts
     D:1: 1195 daAuts
     D:3: 572 daAuts
